Map: Ice and Chrome LE

Players

BlyOnFire (Bly)

  • Race: Zerg Zerg
  • Spawn Location: 1:00

Denver - Winner!

  • Race: Zerg Zerg
  • League: Master
  • Spawn Location: 7:00

Event: DreamHack SC2 Masters 2020 Summer Europe

VOD

Have the link to the VOD?

Description

Time

  • Played on: July 1, 2020, 12:19 p.m.
  • Length: 9:35

All games in this series

Show
View Real Time Build Order
Export as new Build Order

BlyOnFire Zerg 

Build Orders: Pool First, Zergling Baneling 

Get SALT Encoding   

  12  0:01  Drone  
  13  0:12  Overlord  
  13  0:17  Drone  
  14  0:30  Drone x2  
  16  0:40  Spawning Pool  
  15  0:44  Drone  
  15  0:45  Extractor  
  15  0:51  Drone  
  15  0:56  Drone  
  17  1:14  Hatchery  
  16  1:27  Zergling x4  
  16  1:28  Zergling x2  
  19  1:37  Queen  
  21  1:47  Metabolic Boost  
  21  1:50  Drone  
  22  1:57  Overlord  
  22  2:08  Baneling Nest  
  21  2:11  Drone  
  22  2:19  Drone  
  23  2:40  Zergling x8  
  26  2:48  Overlord  
  26  2:49  Zergling x2  
  26  2:50  Zergling x6  
  30  2:55  Baneling x3  
  30  2:57  Baneling  
  30  2:58  Baneling  
  30  3:06  Zergling x4  
  30  3:11  Zergling x4  
  34  3:17  Zergling x2  
  35  3:33  Zergling x10  
  32  3:42  Drone  
  32  3:47  Baneling x2  
  33  3:49  Drone  
  34  3:57  Drone x2  
  34  4:00  Baneling  
  34  4:01  Baneling x3  
  36  4:08  Drone x3  
  36  4:09  Drone  
  40  4:15  Overlord  
  35  4:28  Drone  
  35  4:29  Drone x2  
  38  4:32  Queen  
  40  4:44  Drone x5  
  45  4:54  Lair  
  45  4:56  Extractor  
  44  5:03  Drone x7  
  51  5:07  Extractor  
  51  5:13  Drone x2  
  52  5:19  Extractor  
  51  5:23  Overlord  
  51  5:24  Overlord  
  51  5:32  Overlord  
  51  5:35  Overlord  
  51  5:41  Queen  
  52  5:47  Overlord  
  50  5:54  Roach Warren  
  50  5:55  Nydus Network  
  47  5:58  Zergling x12  
  51  6:16  Pneumatized Carapace  
  45  6:25  Queen  
  46  6:35  Roach x9  
  46  6:37  Nydus Canal  
  62  6:47  Zergling x4  
  63  6:55  Nydus Canal  
  63  6:59  Queen  
  70  7:01  Roach x4  
  70  7:04  Overlord  
  66  7:10  Nydus Canal  
  66  7:11  Roach  
  68  7:16  Queen  
  68  7:21  Roach x2  
  74  7:24  Nydus Canal  
  74  7:28  Zergling x2  
  75  7:40  Nydus Canal  
  75  7:43  Roach  
  77  7:45  Overlord x2  
  67  7:52  Queen x2, Zergling x6  
  74  8:02  Nydus Canal  
  67  8:07  Roach x3  
  72  8:22  Zergling x10  
  75  8:34  Hatchery  
  75  8:35  Queen  
  76  8:46  Spore Crawler  
  74  8:58  Spore Crawler  
  74  9:00  Spore Crawler  
  70  9:05  Roach x2  
  70  9:07  Overlord  
  70  9:08  Overlord  
  70  9:09  Overlord  
  74  9:11  Overlord  
  74  9:14  Nydus Canal  
Show
View Real Time Build Order
Export as new Build Order

Denver Zerg - Winner!

Build Orders: Hatch First 

Get SALT Encoding   

  12  0:00  Drone  
  13  0:13  Overlord  
  13  0:17  Drone  
  14  0:32  Drone x2  
  16  0:47  Hatchery  
  15  0:51  Drone  
  15  0:55  Drone  
  17  0:59  Drone  
  18  1:09  Extractor  
  17  1:14  Spawning Pool  
  17  1:16  Drone  
  17  1:20  Drone  
  18  1:31  Drone  
  19  1:41  Drone  
  20  1:51  Drone  
  21  2:01  Overlord  
  21  2:02  Queen x2  
  21  2:03  Zergling x2  
  26  2:11  Metabolic Boost  
  26  2:13  Zergling x2  
  27  2:17  Zergling x2  
  29  2:22  Zergling x2  
  29  2:23  Drone  
  30  2:32  Drone  
  31  2:41  Drone  
  30  2:44  Drone x2  
  30  2:46  Baneling Nest, Queen  
  33  2:53  Overlord  
  33  2:55  Drone  
  34  3:04  Zergling x2  
  35  3:06  Spine Crawler  
  35  3:09  Zergling x2  
  34  3:13  Zergling x2  
  34  3:19  Zergling x8  
  38  3:30  Baneling x3  
  38  3:31  Baneling  
  38  3:32  Baneling  
  37  3:38  Zergling x2  
  35  3:44  Drone, Queen  
  35  3:46  Drone, Spine Crawler  
  35  3:47  Drone  
  39  3:59  Drone x3  
  42  4:06  Spine Crawler  
  42  4:09  Overlord  
  40  4:10  Drone x2  
  43  4:17  Drone  
  43  4:20  Extractor  
  40  4:27  Drone x2  
  40  4:30  Drone  
  40  4:31  Lair  
  41  4:39  Drone x2  
  41  4:44  Overlord  
  43  4:50  Extractor  
  43  4:51  Drone x4  
  45  4:57  Overlord  
  45  5:05  Roach Warren  
  45  5:06  Drone  
  45  5:11  Drone, Extractor  
  45  5:15  Drone  
  45  5:19  Drone  
  47  5:24  Evolution Chamber, Drone x2  
  48  5:28  Spire  
  48  5:30  Drone x2  
  49  5:38  Drone  
  49  5:39  Drone x3  
  53  5:43  Overlord  
  52  5:54  Baneling x2  
  52  6:14  Overlord  
  50  6:20  Drone  
  50  6:21  Drone  
  50  6:23  Zergling x8  
  50  6:24  Hatchery, Zergling x10  
  59  6:36  Overlord  
  59  6:41  Zerg Flyer Armor Level 1, Mutalisk x2  
  59  6:45  Mutalisk  
  65  6:50  Mutalisk x2  
  65  6:51  Mutalisk x2  
  73  6:57  Mutalisk  
  72  7:03  Mutalisk  
  72  7:05  Zergling x4  
  76  7:09  Queen  
  76  7:12  Mutalisk  
  80  7:21  Drone x5  
  85  7:26  Mutalisk  
  85  7:29  Overlord  
  87  7:38  Mutalisk  
  87  7:41  Overlord  
  88  7:44  Zergling x6  
  88  7:54  Mutalisk  
  88  7:55  Overlord  
  87  8:04  Zergling x12  
  91  8:09  Extractor  
  91  8:10  Extractor  
  91  8:12  Zergling x8  
  92  8:20  Mutalisk x2  
  92  8:27  Zergling x12  
  101  8:32  Overlord  
  102  8:37  Drone x2  
  102  8:38  Drone x2  
  102  8:39  Drone  
  107  8:51  Mutalisk x3  
  110  8:58  Mutalisk x2  
  113  9:05  Mutalisk  
Tags
 
Add a new tag
Caveats
  • Supply blocks, unpowered buildings, or Contaminate may cause inaccurate times.
  • Supply counts are checked every 10 seconds.